 Dungeon Crawl Stone Soup version 0.21.1-1-g345015f (webtiles) character file.

60543 wojtek the Tortoise (level 14, -2/132 HPs)
             Began as a Minotaur Fighter on Apr 3, 2018.
             Was the Champion of Makhleb.
             Slain by a two-headed ogre
             ... wielding a +0 giant club
              (23 damage)
             ... on level 1 of the Orcish Mines.
             The game lasted 00:46:55 (24617 turns).

wojtek the Tortoise (Minotaur Fighter)             Turns: 24617, Time: 00:46:56

Health: -2/132     AC: 25    Str: 28    XL:     14   Next: 57%
Magic:  23/23      EV: 12    Int:  7    God:    Makhleb [******]
Gold:   1454       SH: 10    Dex: 17    Spells: 13/13 levels left

rFire    + . .     SeeInvis .   C - +4 whip of the Depths {venom, Str+3 Dex+3}
rCold    + + .     Gourm    .   c - +0 shield
rNeg     . . .     Faith    .   j - +0 plate armour {rC+}
rPois    +         Spirit   .   (helmet restricted)
rElec    .         Reflect  .   N - +1 cloak
rCorr    .         Harm     .   x - +1 pair of gloves {Dex+3}
MR       +....                  V - +1 pair of boots
Stlth    ..........             (no amulet)
HPRegen  0.32/turn              u - ring "Ijausill" {rPois rC+ Int+2}
MPRegen  0.18/turn              t - ring of protection from fire

@: no status effects
A: retaliatory headbutt, horns 2
a: Minor Destruction, Lesser Servant of Makhleb, Major Destruction, Greater
Servant of Makhleb, Renounce Religion


You were on level 1 of the Orcish Mines.
You worshipped Makhleb.
Makhleb was exalted by your worship.
You were not hungry.

You visited 4 branches of the dungeon, and saw 22 of its levels.
You also visited: Labyrinth and Sewer.

You collected 1662 gold pieces.
You spent 208 gold pieces at shops.

Inventory:

Hand Weapons
 a - the +5 scimitar of Midsummer {freeze, rElec rF++ MR+ Dex-3, unknown}
   (You found it on level 11 of the Dungeon)

   It has been specially enchanted to freeze those struck by it, causing extra
   injury to most foes and up to half again as much damage against particularly
   susceptible opponents.
   It can also slow down cold-blooded creatures.
   It affects your dexterity (-3).
   It greatly protects you from fire.
   It insulates you from electricity.
   It affects your resistance to hostile enchantments.
 o - a +2 battleaxe of venom
 C - the +4 whip of the Depths (weapon) {venom, Str+3 Dex+3}
   (You found it on level 5 of the Dungeon)

   It poisons the flesh of those it strikes.
   It affects your strength (+3).
   It affects your dexterity (+3).
 F - a +0 battleaxe
 Q - a +1 shortbow of freezing
Missiles
 E - 2 throwing nets (quivered)
 R - 285 arrows
Armour
 c - a +0 shield (worn)
 j - a +0 plate armour of cold resistance (worn)
 x - a +1 pair of gloves of dexterity (worn)
 N - a +1 cloak (worn)
 V - a +1 pair of boots (worn)
Jewellery
 t - a ring of protection from fire (right hand)
 u - the ring "Ijausill" (left hand) {rPois rC+ Int+2}
   (You found it on level 5 of the Dungeon)

   [ring of poison resistance]

   It affects your intelligence (+2).
   It protects you from cold.
   It protects you from poison.
 L - an uncursed ring of protection from cold
 P - an uncursed ring of protection from cold
 T - an uncursed ring of fire
 W - the ring of Sayps {Ice rElec Str+3}
   (You found it on level 1 of the Lair of Beasts)

   [ring of ice]

   It enhances your ice magic.
   It affects your strength (+3).
   It makes you vulnerable to fire.
   It protects you from cold.
   It insulates you from electricity.
Wands
 b - a wand of digging (5)
 s - a wand of iceblast (20)
 M - a wand of disintegration (10)
 Z - a wand of paralysis (11)
Scrolls
 e - 8 scrolls of teleportation
 g - a scroll of blinking {unknown}
 h - 4 scrolls of random uselessness {unknown}
 l - 3 scrolls of enchant armour {unknown}
 p - 2 scrolls of magic mapping
 q - 10 scrolls of identify
 r - a scroll of amnesia {unknown}
 v - 3 scrolls of fear
 w - a scroll of enchant weapon {unknown}
 y - 3 scrolls of immolation {unknown}
 z - 2 scrolls of remove curse
 A - 3 scrolls of fog {unknown}
 U - a scroll of vulnerability {unknown}
Potions
 d - 3 potions of might
 i - 11 potions of curing
 k - 3 potions of resistance
 m - 3 potions of agility {unknown}
 n - a potion of lignification {unknown}
 B - a potion of degeneration {unknown}
 D - 2 potions of heal wounds
 G - 2 potions of haste
 H - a potion of flight
 I - 2 potions of berserk rage {unknown}
 K - 2 potions of ambrosia {unknown}
 O - a potion of invisibility {unknown}
Books
 J - a Young Poisoner's Handbook

   Spells                             Type                      Level
   a - Sting                          Conjuration/Poison           1
   b - Poisonous Vapours              Poison/Air                   2
   c - Mephitic Cloud                 Conjuration/Poison/Air       3
   d - Olgreb's Toxic Radiance        Poison                       4
   e - Venom Bolt                     Conjuration/Poison           5
Comestibles
 f - 43 rations
 S - 7 chunks of flesh


   Skills:
 + Level 14.2 Fighting
 - Level 8.5 Axes
 + Level 15.6 Armour
 - Level 10.5 Dodging
 - Level 3.6 Shields
 * Level 14.4 Invocations


You had 13 spell levels left.
You didn't know any spells.

Dungeon Overview and Level Annotations

Branches:
Dungeon (13/15)            Temple (1/1) D:6            Lair (6/6) D:9
  Swamp (0/4) Lair:4       Spider (0/4) Lair:4        Slime (0/5) Lair:5
    Orc (2/2) D:11
    Elf: Orc:2       Vaults: D:13-14

Altars:
Ashenzari
Cheibriados
Dithmenos
Elyvilon
Fedhas
Gozag
Hepliaklqana
Kikubaaqudgha
Makhleb
Nemelex Xobeh
Okawaru
Qazlal
Ru
Sif Muna
Trog
Uskayaw
Vehumet
Wu Jian
Xom
Yredelemnul
Zin
The Shining One
Beogh

Shops:
D:4 [[?   D:6 =

Annotations:
D:12 vault dig
Lair:3 exclusion: oklob plant
Lair:4 Kirke
Lair:6 lindwurms


Innate Abilities, Weirdness & Mutations

You reflexively headbutt those who attack you in melee.
You have a pair of horns on your head.


Message History

You block the two-headed ogre's attack.
The two-headed ogre hits you but does no damage.
The two-headed ogre closely misses you. You furiously retaliate!
You headbutt the two-headed ogre!
The two-headed ogre hits you but does no damage.
The two-headed ogre hits you but does no damage.
The two-headed ogre hits you with a giant club.
* * * LOW HITPOINT WARNING * * *
You block the two-headed ogre's attack. x2
You block the two-headed ogre's attack.
The two-headed ogre hits you but does no damage.
Some of the chunks of flesh in your inventory have rotted away.
The two-headed ogre is no longer moving quickly.
The two-headed ogre hits you with a giant club!
* * * LOW HITPOINT WARNING * * *
The two-headed ogre hits you but does no damage.
Your shield and plate armour prevent you from hitting the two-headed ogre.
The two-headed ogre is lightly wounded.
The two-headed ogre hits you with a giant club!!
You die...

#..##....#.#..####### #
###...###......###.>..# ##
#.......#......##.....###.
###......##...............##
##.........#.................
##....###......###..)>..###...
#......###.....###.....###.)).
##....####......#.......##.().
##....##...O@..........#..(#.
###.......#..............##.
###...)).#.....###.......#.
##.....[[..#.^...#..........
##....##....##..###...#......
##......#.....##.#.#...##...<.
#......#####...##....#######..
###.....#......#.#......#.....
#..........####.##..........


You could see a two-headed ogre.

Vanquished Creatures
  Rupert (D:12)
  A minotaur (Lab)
  Erolcha (D:12)
  Harold (D:10)
  6 hydras
  Fannar (D:10)
  9 two-headed ogres
  Urug (Lair:4)
  A skeletal warrior (D:12)
  3 lindwurms (Lair:6)
  An ugly thing (D:10)
  2 manticores
  4 black mambas
  12 elephants
  Psyche (D:10)
  9 spiny frogs
  A torpor snail (Lair:2)
  A rime drake (Lair:4)
  9 komodo dragons
  5 polar bears (Lair:6)
  A jumping spider (Lair:4)
  3 trolls
  Grinder (D:5)
  5 hornets
  17 blink frogs
  4 hippogriffs
  2 vampires (D:12)
  2 redbacks (Lair:4)
  14 spriggans
  3 shadows
  40 yaks
  8 hogs
  A wraith (D:12)
  2 basilisks
  A human (D:7)
  3 hungry ghosts
  The ghost of bosm the Bolt Thrower, an amateur KoHu (D:3)
  A soldier ant (D:12)
  8 water moccasins
  11 orc warriors
  8 porcupines
  5 ice beasts
  2 phantoms
  3 black bears
  6 necrophages
  6 centaurs
  4 boggarts (Lair:6)
  31 wolves
  8 ogres
  11 crocodiles
  6 big kobolds
  13 bullfrogs
  A water moccasin zombie (D:7)
  A wyvern skeleton (D:10)
  2 scorpions
  9 killer bees
  A spriggan skeleton (Lab)
  13 wights
  A howler monkey (D:8)
  2 crimson imps
  3 bullfrog zombies
  2 centaur zombies
  2 jellies
  8 orc priests
  A quasit (D:8)
  4 centaur skeletons
  9 hounds
  An iron imp (D:9)
  14 orc wizards
  4 bullfrog skeletons
  Terence (D:3)
  3 iguanas
  3 worker ants
  A hound zombie (D:6)
  2 ogre skeletons (Lab)
  Robin (D:4)
  A howler monkey zombie (D:7)
  11 adders
  8 gnolls
  2 shadow imps
  An adder zombie (D:7)
  2 adder skeletons
  2 worms
  2 dart slugs
  5 leopard geckos
  51 orcs
  3 giant cockroaches
  2 gnoll zombies (D:8)
  17 goblins
  11 hobgoblins
  6 jackals
  31 kobolds
  2 quokkas
  A ball python (D:8)
  12 bats
  5 frilled lizards
  A jackal skeleton (D:7)
  A jackal zombie (D:6)
  A leopard gecko zombie (D:7)
  A quokka zombie (D:9)
  8 rats
  A bush (D:9)
  A fungus (Lair:4)
  A plant (D:9)
580 creatures vanquished.

Vanquished Creatures (collateral kills)
  A hungry ghost (D:10)
  A bullfrog (D:10)
  2 orc wizards (D:10)
  A worker ant zombie (D:10)
  A bush (Lair:3)
6 creatures vanquished.

Vanquished Creatures (others)
  An orc (D:4)
  A bush (Lair:6)
  6 fungi
  11 plants
19 creatures vanquished.

Grand Total: 605 creatures vanquished

Notes
Turn   | Place    | Note
-------+----------+-------------------------------------------
     0 | D:1      | wojtek the Minotaur Fighter began the quest for the Orb.
     0 | D:1      | Reached XP level 1. HP: 19/19 MP: 0/0
    45 | D:1      | Reached XP level 2. HP: 6/26 MP: 1/1
   637 | D:1      | Reached XP level 3. HP: 31/31 MP: 2/2
   703 | D:1      | Reached skill level 4 in Armour
  1541 | D:3      | Reached XP level 4. HP: 35/39 MP: 3/3
  1592 | D:3      | Reached skill level 5 in Axes
  1592 | D:3      | Reached skill level 5 in Armour
  1742 | D:3      | Found a glowing silver altar of Zin.
  1756 | D:3      | Reached XP level 5. HP: 41/45 MP: 4/4
  1830 | D:3      | Reached skill level 6 in Armour
  1830 | D:3      | Reached XP level 6. HP: 30/51 MP: 5/5
  2081 | D:3      | Noticed Terence
  2081 | D:3      | Noticed bosm's ghost (amateur KoHu)
  2122 | D:3      | Killed Terence
  2125 | D:3      | Killed bosm's ghost
  2619 | D:4      | Found Jixec's Magic Scroll Boutique.
  2748 | D:4      | Bought a scroll of teleportation for 36 gold pieces
  2899 | D:4      | Found Daisk's Armour Emporium.
  2908 | D:4      | Noticed Robin
  2938 | D:4      | Killed Robin
  2938 | D:4      | Reached XP level 7. HP: 26/57 MP: 6/6
  2950 | D:4      | Reached skill level 7 in Armour
  3225 | D:4      | Found Fiudgh Ones's Antique Armour Boutique.
  3232 | D:4      | Bought a pair of glowing gloves for 172 gold pieces
  3402 | D:4      | Found a basalt altar of Yredelemnul.
  3458 | D:4      | Found a glowing golden altar of the Shining One.
  3459 | D:4      | Found a shadowy altar of Dithmenos.
  3496 | D:5      | Entered Level 5 of the Dungeon
  3606 | D:5      | Got a scintillating marble ring
  3769 | D:5      | Noticed Grinder
  3787 | D:5      | Killed Grinder
  3787 | D:5      | Reached skill level 8 in Armour
  3939 | D:5      | Got a shimmering whip
  3943 | D:5      | Reached XP level 8. HP: 64/64 MP: 7/7
  3944 | D:5      | Identified the +4 whip of the Depths {venom, Str+3 Dex+3} (You found it on level 5 of the Dungeon)
  4054 | D:6      | Found a staircase to the Ecumenical Temple.
  4094 | D:6      | Reached skill level 1 in Dodging
  4245 | D:6      | Reached skill level 9 in Armour
  4300 | D:6      | Found Seijod's Jewellery Shoppe.
  4491 | D:6      | Reached skill level 5 in Fighting
  4530 | D:6      | Found a glowing drain.
  4539 | Sewer    | Entered a sewer
  4573 | Sewer    | Reached XP level 9. HP: 61/75 MP: 8/8
  5151 | D:7      | Noticed a troll
  5162 | D:6      | Killed a troll
  5162 | D:6      | Reached skill level 10 in Armour
  5216 | D:6      | Reached skill level 5 in Dodging
  5330 | D:7      | Got an iridescent whip
  5624 | Temple   | Entered the Ecumenical Temple
  5748 | Temple   | Became a worshipper of Makhleb the Destroyer
  5788 | Temple   | Identified the ring "Ijausill" {rPois rC+ Int+2} (You found it on level 5 of the Dungeon)
  5791 | Temple   | Identified the +7 whip "Sufychie" {protect, *Contam Int+6} (You found it on level 7 of the Dungeon)
  5913 | D:7      | Reached skill level 1 in Invocations
  6093 | D:7      | Found an ancient bone altar of Kikubaaqudgha.
  6276 | D:7      | Reached XP level 10. HP: 58/87 MP: 11/11
  6278 | D:7      | Reached skill level 11 in Armour
  6480 | D:8      | Noticed a two-headed ogre
  6532 | D:7      | Killed a two-headed ogre
  6909 | D:8      | Reached * piety under Makhleb
  7029 | D:8      | Noticed a two-headed ogre
  7037 | D:8      | Killed a two-headed ogre
  7037 | D:8      | Reached skill level 5 in Invocations
  7207 | D:8      | Found a basalt altar of Yredelemnul.
  7536 | D:9      | Found the +5 pair of quick blades "Gyre" and "Gimble" {pierce, Dex-3}
  7546 | D:9      | Found a staircase to the Lair.
  7603 | D:9      | Found a snail-covered altar of Cheibriados.
  7773 | D:9      | Found a blossoming altar of Fedhas.
  7918 | D:9      | Reached ** piety under Makhleb
  8575 | Lair:1   | Entered Level 1 of the Lair of Beasts
  8575 | Lair:1   | Noticed a spiny frog
  8613 | Lair:1   | Reached XP level 11. HP: 94/94 MP: 14/14
  8635 | Lair:1   | Found a labyrinth entrance.
  8651 | Lab      | Entered a labyrinth
  9121 | Lab      | Noticed a minotaur
  9143 | Lab      | Killed a minotaur
  9143 | Lab      | Reached skill level 12 in Armour
  9360 | Lair:1   | Got a vibrating amber ring
  9361 | Lair:1   | Identified the ring of Sayps {Ice rElec Str+3} (You found it on level 1 of the Lair of Beasts)
 10379 | Lair:2   | Reached skill level 10 in Fighting
 10942 | Lair:2   | Reached *** piety under Makhleb
 11737 | Lair:3   | Reached XP level 12. HP: 61/108 MP: 17/17
 12158 | Lair:3   | HP: 2/108 [elephant (7)]
 13023 | Lair:3   | Reached skill level 13 in Armour
 13256 | Lair:3   | Reached skill level 10 in Invocations
 13657 | Lair:3   | HP: 4/110 [acid (13)]
 15426 | Lair:4   | Found a staircase to the Swamp.
 15714 | Lair:4   | Reached skill level 10 in Dodging
 15785 | Lair:4   | Noticed a six-headed hydra
 15797 | Lair:4   | Killed a six-headed hydra
 15897 | Lair:4   | Noticed Kirke
 15911 | Lair:4   | Noticed Urug
 15961 | Lair:4   | Noticed a sphinx
 16231 | Lair:4   | Found a hole to the Spider Nest.
 16392 | Lair:4   | Noticed a four-headed hydra
 16398 | Lair:4   | Killed a four-headed hydra
 16747 | Lair:4   | Killed Urug
 16914 | Lair:4   | Found a staircase to the Swamp.
 17029 | Lair:4   | Noticed a sphinx
 17101 | Lair:3   | Noticed an eight-headed hydra
 17478 | Lair:3   | Killed an eight-headed hydra
 17843 | Lair:5   | Found a staircase to the Slime Pits.
 18109 | Lair:5   | Reached XP level 13. HP: 118/118 MP: 20/20
 18879 | Lair:6   | Entered Level 6 of the Lair of Beasts
 18920 | Lair:5   | Reached skill level 14 in Armour
 19581 | Lair:6   | Reached **** piety under Makhleb
 20372 | Lair:6   | Reached ***** piety under Makhleb
 21553 | D:10     | Entered Level 10 of the Dungeon
 21563 | D:10     | Noticed Psyche
 21564 | D:10     | Noticed Fannar
 21640 | D:10     | Noticed Harold
 21657 | D:10     | Killed Harold
 21657 | D:10     | Reached XP level 14. HP: 94/129 MP: 23/23
 21913 | D:10     | Killed Fannar
 21913 | D:10     | Reached skill level 15 in Armour
 21938 | D:10     | Killed Psyche
 22273 | D:11     | Got a dazzling scimitar
 22414 | D:11     | Found a staircase to the Orcish Mines.
 22708 | D:12     | Noticed Erolcha
 22714 | D:12     | Killed Erolcha
 22789 | D:12     | Noticed Rupert
 22813 | D:12     | Killed Rupert
 23459 | D:12     | Reached ****** piety under Makhleb
 24047 | Orc:1    | Entered Level 1 of the Orcish Mines
 24169 | Orc:1    | Found a roughly hewn altar of Beogh.
 24411 | Orc:2    | Entered Level 2 of the Orcish Mines
 24617 | Orc:1    | Slain by a two-headed ogre

Skill      XL: |  1  2  3  4  5  6  7  8  9 10 11 12 13 14 |
---------------+-------------------------------------------+-----
Axes           | 3 4 5 6 7 8 |  8.5
Armour         | 4 5 6 8 9 10 11 12 13 14 15 | 15.6
Dodging        | 4 6 7 9 10 | 10.5
Fighting       | 6 8 9 10 12 13 14 | 14.2
Invocations    | 3 6 9 11 13 14 | 14.4
Shields        | |  3.6

Action                   |  1- 3 |  4- 6 |  7- 9 | 10-12 | 13-15 || total
-------------------------+-------+-------+-------+-------+-------++-------
Melee: War axe           |   120 |   116 |    53 |       |       ||   289
       Headbutt          |    16 |    16 |    98 |   292 |   372 ||   794
       Whip              |       |       |   227 |   798 |   981 ||  2006
       Unarmed           |       |       |       |     6 |       ||     6
Invok: Lesser Servant of |       |       |       |    10 |     3 ||    13
Evoke: Wand              |       |       |       |    50 |     9 ||    59
  Use: Scroll            |       |       |     2 |    17 |     2 ||    21
       Potion            |       |       |       |     5 |     1 ||     6
  Eat: Chunk             |     2 |     5 |    10 |    28 |    20 ||    65
       Ration            |       |       |       |     5 |     1 ||     6
Armor: Scale mail        |    13 |       |       |       |       ||    13
       Plate armour      |    98 |    81 |   145 |   430 |   533 ||  1287
Dodge: Dodged            |    41 |    17 |    75 |   313 |   520 ||   966
Block: Shield            |    74 |    79 |   129 |   450 |   607 ||  1339
